 Dungeon Crawl Stone Soup version 0.18.1-5-g4a78601 (webtiles) character file.

284 oplop the Chiller (level 6, -2/36 HPs)
             Began as an Octopode Ice Elementalist on May 12, 2016.
             Killed from afar by Edmund (7 damage)
             ... with a wand of flame
             ... on level 4 of the Dungeon.
             The game lasted 00:12:19 (3660 turns).

oplop the Chiller (Octopode Ice Elementalist)       Turns: 3660, Time: 00:12:19

Health: -2/36      AC:  1    Str:  8    XL:     6   Next: 29%
Magic:  13/13      EV: 12    Int: 19    God:
Gold:   220        SH:  0    Dex: 12    Spells: 3 memorised, 8 levels left

rFire  . . .     SeeInvis .     (no weapon)
rCold  . . .     Gourm    .     (no shield)
rNeg   . . .     Faith    .     (helmet restricted)
rPois  .         Spirit   .     (no amulet)
rElec  .         Dismiss  .     (no ring)
rCorr  .         Reflect  .     (no ring)
SustAt .         Harm     .     (no ring)
MR     .....                    (no ring)
Stlth  +++.......               (no ring)
                                (no ring)
                                (no ring)
                                (no ring)

@: not resistant to hostile enchantments, fairly stealthy
A: almost no armour, amphibious, 8 rings, constrict 8, camouflage 1, gelatinous
body 1
a: no special abilities


You were on level 4 of the Dungeon.
You were not hungry.

You visited 1 branch of the dungeon, and saw 4 of its levels.

You collected 220 gold pieces.

Inventory:

Scrolls
 c - a scroll of recharging
 d - 5 scrolls of remove curse
 e - 2 scrolls of enchant armour {unknown}
 f - a scroll of random uselessness {unknown}
 g - 11 scrolls of identify
 i - 2 scrolls of teleportation {unknown}
 l - a scroll of amnesia
 m - 2 scrolls of fear
 o - a scroll of immolation {unknown}
Potions
 h - a potion of berserk rage {unknown}
 j - 2 potions of heal wounds {unknown}
 k - a potion of flight {unknown}
 n - a potion of curing {unknown}
 p - a potion of cancellation
 r - a potion of might {unknown}
Books
 a - a book of Frost

   Spells                             Type                      Level
   a - Freeze                         Ice                          1
   b - Throw Frost                    Conjuration/Ice              2
   c - Ozocubu's Armour               Charms/Ice                   3
   d - Throw Icicle                   Conjuration/Ice              4
   e - Summon Ice Beast               Ice/Summoning                4
Comestibles
 b - 3 bread rations


   Skills:
 - Level 2.0 Dodging
 - Level 2.6 Stealth
 + Level 4.8 Spellcasting
 - Level 1.0 Conjurations
 + Level 4.8 Ice Magic


You had 8 spell levels left.
You knew the following spells:

 Your Spells              Type           Power        Failure   Level  Hunger
a - Freeze                Ice            ###.         1%          1    None
b - Throw Frost           Conj/Ice       ###...       8%          2    #......
c - Ozocubu's Armour      Chrm/Ice       ##......     14%         3    ##.....


Dungeon Overview and Level Annotations

Branches:
Dungeon (4/15)
 Temple: D:4-7

Altars:
Kikubaaqudgha

Annotations:
D:4 Edmund


Innate Abilities, Weirdness & Mutations

You cannot wear most types of armour.
You are amphibious.
You can wear up to eight rings at the same time.
You can use your tentacles to constrict eight enemies at once.
Your skin changes colour to match your surroundings (Stealth).
Your rubbery body absorbs attacks (AC +1).


Message History

The quokka bites the withered plant.
The quokka bites the withered plant but does no damage.
The quokka bites the withered plant.
The quokka bites the withered plant but does no damage.
The quokka bites the withered plant but does no damage.
The quokka completely misses the withered plant.
Something bites the withered plant.
Edmund zaps a wand.
The puff of flame hits you!
Something bites the withered plant.
Something bites the withered plant but does no damage.
Something bites the withered plant.
Something bites the withered plant but does no damage.
Something bites the withered plant.
Something bites the withered plant but does no damage.
Edmund zaps a wand.
The puff of flame hits you!
* * * LOW HITPOINT WARNING * * *
Edmund zaps a wand.
The puff of flame hits you!
* * * LOW HITPOINT WARNING * * *
Edmund zaps a wand.
The puff of flame hits you!
You die...

...<..# #####.#...#
......# #.# #.# #######
#.# #># #.# #.######
#.# #... ..##
#.###.####..#
#.##.r.P..#.##
########....###.....##
.........#@.#.#.P....#
###########.#.....P..##
###########.#....#....#
#.........).#._@.##..P#
#.########..#....#..P.#
#)# #..#......P.## #.#
#.@#.#..P...# #......#
#..###..P..## ........#
#.[......###


You could see Edmund and a quokka.

Vanquished Creatures
  A crimson imp (D:4)
  Ijyb (D:3)
  2 worker ants (D:4)
  9 adders
  2 oozes
  3 dart slugs
  A giant gecko (D:4)
  4 orcs
  7 giant cockroaches
  5 goblins
  8 hobgoblins
  2 quokkas
  6 bats
  3 giant newts
  13 kobolds
  9 rats
76 creatures vanquished.

Notes
Turn   | Place    | Note
--------------------------------------------------------------
     0 | D:1      | oplop the Octopode Ice Elementalist began the quest for the Orb.
     0 | D:1      | Reached XP level 1. HP: 11/11 MP: 3/3
   109 | D:1      | Reached XP level 2. HP: 11/17 MP: 5/5
   112 | D:1      | oplop: ??splat
   112 | D:1      | beem: splat[1/4]: A death at a high-ish experience level.
   112 | D:1      | oplop: ??splat[2]
   112 | D:1      | beem: splat[2/4]: The sound of broken dreams and failure. Also, the sound you make when you try to fight a pack of orcs with a warrior, two wizards, and a priest while you're only XL3.
   112 | D:1      | oplop: ??splat[3]
   112 | D:1      | beem: splat[3/4]: Also 78291's other account.
   112 | D:1      | oplop: ??splat[4]
   112 | D:1      | beem: splat[4/4]: In sequell queries, used to mean xl>=17 !won. Also used to mean something much more complicated before that.
   505 | D:1      | Reached XP level 3. HP: 8/21 MP: 5/7
  1161 | D:2      | Reached XP level 4. HP: 16/27 MP: 5/9
  2171 | D:3      | Reached XP level 5. HP: 18/31 MP: 5/10
  2392 | D:3      | Learned a level 2 spell: Throw Frost
  2396 | D:3      | Learned a level 3 spell: Ozocubu's Armour
  2549 | D:3      | Noticed Ijyb
  2558 | D:3      | Killed Ijyb
  3214 | D:4      | Reached XP level 6. HP: 33/36 MP: 5/12
  3217 | D:4      | Noticed Edmund
  3300 | D:4      | Found an ancient bone altar of Kikubaaqudgha.
  3660 | D:4      | Killed from afar by Edmund

Skill      XL: |  1  2  3  4  5 |
---------------+----------------+-----
Spellcasting   | 3 4 |  4.8
Ice Magic      | 4 |  4.8
Dodging        | |  2.0
Stealth        | |  2.6
Conjurations   | |  1.0

Action                   |  1- 3 |  4- 6 || total
-------------------------+-------+-------++-------
Melee: Unarmed           |    85 |    68 ||   153
       Constrict         |    24 |    18 ||    42
       Tentacles         |    18 |    11 ||    29
 Cast: Freeze            |    20 |    48 ||    68
       Throw Frost       |       |     7 ||     7
  Use: Scroll            |       |     6 ||     6
 Stab: Sleeping          |     9 |     5 ||    14
  Eat: Chunk             |       |     6 ||     6
       Beef jerky        |       |     1 ||     1
       Meat ration       |       |     1 ||     1
Armor: Skin              |    13 |     6 ||    19
Dodge: Dodged            |    70 |    74 ||   144
